Map: Dusk Towers

Players

chickenhawk

  • Race: Protoss Protoss
  • League: Silver

Nuttium - Winner!

  • Race: Protoss Protoss
  • League: Silver

VOD

Have the link to the VOD?

Description

Good Comeback PvP

Time

  • Played on: Feb. 28, 2016, 1:25 a.m.
  • Length: 18:32
Show
View Real Time Build Order
Export as new Build Order

chickenhawk Protoss 

Build Orders: Mass Adepts 

Get SALT Encoding   

  12  0:01  Probe (Chrono Boost)  
  13  0:11  Probe (Chrono Boost)  
  14  0:18  Pylon  
  14  0:23  Probe (Chrono Boost)  
  15  0:37  Probe (Chrono Boost)  
  15  0:42  Gateway  
  16  0:55  Gateway  
  16  1:01  Gateway  
  15  1:11  Assimilator  
  15  1:12  Probe (Chrono Boost)  
  15  1:16  Pylon  
  16  1:23  Probe (Chrono Boost)  
  17  1:30  Cybernetics Core  
  17  2:07  Adept (Chrono Boost)  
  21  2:09  Adept (Chrono Boost)  
  21  2:18  Pylon  
  21  2:27  Assimilator, Probe  
  22  2:32  Adept (Chrono Boost)  
  26  2:37  Adept (Chrono Boost)  
  26  2:39  Probe  
  27  3:03  Adept (Chrono Boost)  
  31  3:06  Adept (Chrono Boost)  
  34  3:48  Adept (Chrono Boost)  
  34  3:52  Adept (Chrono Boost)  
  34  4:32  Adept (Chrono Boost)  
  34  4:36  Adept (Chrono Boost)  
  38  4:52  Warp Gate  
  38  4:56  Gateway x2  
  38  5:17  Stalker (Chrono Boost)  
  38  5:25  Stalker (Chrono Boost)  
  38  5:30  Robotics Facility  
  38  6:15  Stalker (Chrono Boost)  
  38  6:51  Pylon  
  38  6:53  Pylon  
  38  6:55  Pylon  
  38  7:10  Nexus  
  38  7:12  Stalker x3  
  38  7:13  Stalker  
  46  7:16  Immortal (Chrono Boost)  
  50  7:35  Stalker x2  
  54  7:42  Probe  
  55  7:54  Probe  
  55  7:55  Assimilator  
  55  7:58  Stalker  
  58  8:00  Assimilator  
  58  8:14  Probe  
  59  8:26  Probe  
  56  8:38  Probe  
  55  8:43  Stalker x3  
  61  8:50  Observer (Chrono Boost)  
  62  8:56  Probe  
  62  8:58  Probe  
  64  9:07  Probe  
  65  9:10  Stalker x3, Probe  
  72  9:33  Stalker  
  72  9:37  Pylon  
  74  9:39  Pylon  
  74  9:40  Pylon  
  72  10:01  Stalker x4  
  79  10:18  Forge  
  79  10:21  Immortal (Chrono Boost)  
  83  10:35  Stalker x3  
  89  10:55  Immortal (Chrono Boost)  
  93  10:58  Stalker x2  
  93  10:59  Stalker  
  97  11:27  Protoss Ground Weapons Level 1 (Chrono Boost)  
  97  11:35  Pylon  
  97  11:37  Pylon  
  97  11:52  Probe  
  97  11:53  Probe  
  99  12:02  Probe  
  99  12:05  Probe  
  101  12:19  Stalker x3  
  101  12:20  Stalker  
  107  12:43  Twilight Council  
  91  13:46  Protoss Ground Weapons Level 2 (Chrono Boost)  
  85  14:21  Stalker x4  
  93  14:30  Forge  
  93  15:05  Protoss Ground Armor Level 1 (Chrono Boost)  
  93  15:08  Stalker  
  93  15:09  Stalker x3  
  101  15:42  Stalker x3  
  107  16:09  Protoss Ground Weapons Level 3 (Chrono Boost)  
  33  17:08  Stalker  
  33  17:09  Stalker x3  
  33  17:13  Immortal  
  45  17:33  Stalker x3  
  45  17:34  Stalker  
Show
View Real Time Build Order
Export as new Build Order

Nuttium Protoss - Winner!

Build Orders: 1 Gate Expand 

Get SALT Encoding   

  12  0:01  Probe (Chrono Boost)  
  13  0:12  Probe (Chrono Boost)  
  14  0:18  Pylon  
  14  0:22  Probe (Chrono Boost)  
  15  0:37  Gateway  
  15  0:42  Probe (Chrono Boost)  
  16  0:52  Probe (Chrono Boost)  
  17  1:03  Probe (Chrono Boost)  
  18  1:09  Assimilator  
  18  1:13  Probe (Chrono Boost)  
  19  1:31  Nexus  
  19  1:35  Probe (Chrono Boost)  
  20  1:42  Cybernetics Core  
  20  1:49  Assimilator  
  20  1:52  Probe (Chrono Boost)  
  21  2:07  Probe (Chrono Boost)  
  22  2:18  Probe (Chrono Boost)  
  22  2:20  Pylon  
  22  2:22  Robotics Facility  
  23  2:38  Probe  
  23  2:43  Probe  
  24  2:46  Assimilator  
  24  2:50  Probe  
  26  2:52  Mothership Core  
  26  2:57  Adept  
  26  3:36  Assimilator  
  26  3:41  Pylon  
  28  4:01  Pylon  
  28  4:05  Pylon  
  26  4:32  Warp Gate  
  26  4:43  Immortal (Chrono Boost)  
  26  4:56  Pylon  
  26  4:57  Pylon  
  21  5:30  Probe  
  21  5:31  Probe  
  23  5:45  Pylon  
  23  5:46  Immortal (Chrono Boost)  
  27  6:38  Pylon  
  27  6:49  Probe  
  27  6:50  Probe  
  29  6:57  Gateway  
  29  6:59  Gateway  
  29  7:02  Probe  
  29  7:04  Gateway  
  30  7:09  Twilight Council  
  30  7:16  Probe  
  30  7:17  Probe  
  32  7:27  Stalker  
  32  7:29  Probe  
  35  7:39  Immortal (Chrono Boost)  
  39  7:48  Blink (Chrono Boost)  
  39  7:50  Probe x2  
  41  8:05  Stalker  
  43  8:12  Pylon  
  43  8:22  Stalker  
  43  8:39  Stalker  
  43  8:45  Sentry  
  45  8:49  Stalker  
  45  8:50  Probe  
  45  8:51  Probe  
  49  9:09  Robotics Bay  
  49  9:10  Probe  
  50  9:22  Stalker  
  52  9:30  Stalker  
  54  9:37  Stalker  
  56  9:45  Observer (Chrono Boost)  
  57  9:47  Stalker  
  60  10:11  Stalker  
  60  10:13  Stalker x2  
  66  10:18  Disruptor (Chrono Boost)  
  68  10:25  Stalker  
  70  10:37  Probe  
  70  10:39  Probe  
  70  10:40  Forge  
  72  10:43  Sentry  
  74  11:19  Stalker x4  
  74  11:25  Probe  
  82  11:26  Probe  
  84  11:38  Probe  
  85  11:40  Probe  
  86  11:51  Protoss Ground Weapons Level 1  
  86  11:54  Nexus  
  86  12:03  Stargate  
  86  12:22  Pylon  
  86  12:38  Probe  
  86  12:40  Probe  
  94  12:53  Probe, Pylon  
  94  12:54  Probe  
  94  12:55  Disruptor (Chrono Boost)  
  94  12:56  Pylon  
  93  12:58  Pylon  
  93  13:02  Assimilator  
  88  13:38  Stalker x3  
  88  13:39  Stalker  
  88  13:40  Probe  
  97  13:41  Probe  
  97  13:42  Probe  
  99  13:50  Probe  
  99  13:51  Photon Cannon  
  99  13:52  Probe  
  99  13:53  Probe, Photon Cannon  
  102  13:57  Photon Cannon  
  102  14:01  Probe  
  103  14:15  Stalker x4  
  111  14:25  Disruptor (Chrono Boost), Gateway  
  111  14:28  Gateway  
  114  14:36  Oracle  
  117  14:44  Stargate  
  117  14:47  Fleet Beacon  
  117  14:51  Protoss Ground Weapons Level 2  
  117  14:53  Robotics Facility  
  117  14:55  Gateway  
  117  15:04  Stalker x2  
  117  15:05  Stalker  
  123  15:35  Stalker x2  
  123  15:36  Stalker x2  
  131  15:56  Protoss Air Weapons Level 1  
  131  16:08  Assimilator  
  131  16:09  Stalker, Pylon x2  
  133  16:27  Tempest x2  
  110  17:17  Stalker x2  
  110  17:18  Stalker x5  
  124  17:24  Colossus (Chrono Boost)  
  136  17:31  Colossus (Chrono Boost)  
Tags
 
Composition
Mass Adepts
Matchup
PvP
Add a new tag
Caveats
  • Supply blocks, unpowered buildings, or Contaminate may cause inaccurate times.
  • Supply counts are checked every 10 seconds.